 Dungeon Crawl Stone Soup version 0.31-a0-193-gdfe2569204 (webtiles) character file.

Game seed: 11869911871839308351

2411 qw the Skirmisher (level 9, -3/51 HPs)
             Began as a Deep Elf Hunter on June 24, 2023.
             Was a Believer of Okawaru.
             Slain by a wyvern (5 damage)
             ... on level 7 of the Dungeon.
             The game lasted 00:02:10 (5464 turns).

qw the Skirmisher (Deep Elf Hunter)                 Turns: 5464, Time: 00:02:11

Health: -3/51      AC: 11    Str: 12    XL:     9   Next: 23%
Magic:  13/14      EV: 16    Int: 15    God:    Okawaru [**....]
Gold:   386        SH:  0    Dex: 18    Spells: 8/8 levels left

rFire   . . .        Y - +1 orcbow
rCold   . . .        (shield currently unavailable)
rNeg    . . .        h - +0 ring mail
rPois   +            f - +0 helmet
rElec   .            i - +0 cloak
rCorr   .            b - +1 pair of gloves
SInv    .            (no boots)
Will    .....        (no amulet)
Stlth   +++          m - ring of poison resistance
HPRegen 0.28/turn    (no ring)
MPRegen 0.14/turn

%: no passive effects
@: about to teleport, heroic
A: no striking features
a: Renounce Religion, Heroism


You were on level 7 of the Dungeon.
You worshipped Okawaru.
Okawaru was pleased with you.
You visited 2 branches of the dungeon, and saw 8 of its levels.

You collected 386 gold pieces.


   Skills:
 - Level 3.4(8.4) Fighting
 - Level 14.0(19.0) Ranged Weapons
 + Level 1.6(6.6) Armour
 - Level 5.4(10.4) Dodging
 - Level 1.2(6.2) Stealth
 - Level 4.0 Invocations


You had 8 spell levels left.
You didn't know any spells.
Your spell library was empty.

Inventory:

Hand Weapons
 Y - a +1 orcbow (weapon)
Armour
 b - a +1 pair of gloves (worn)
 f - a +0 helmet (worn)
 h - a +0 ring mail (worn)
 i - a +0 cloak (worn)
Jewellery
 d - a ring of protection from cold
 m - a ring of poison resistance (left hand)
Scrolls
 g - a scroll of teleportation
 j - 2 scrolls of identify
Potions
 a - 3 potions of curing
 c - a potion of heal wounds
 e - 3 potions of enlightenment
 k - a potion of cancellation
 l - 2 potions of mutation

Dungeon Overview and Level Annotations

Branches:
Dungeon (7/15)             Temple (1/1) D:4

Altars:
Ashenzari
Cheibriados
Dithmenos
Elyvilon
Fedhas
Gozag
Hepliaklqana
Kikubaaqudgha
Makhleb
Nemelex Xobeh
Okawaru
Qazlal
Ru
Sif Muna
Uskayaw
Vehumet
Xom
Yredelemnul
Zin
The Shining One


Message History

The wyvern hisses menacingly.
You shoot an arrow.
The arrow hits the orc warrior but does no damage.
The orc warrior is heavily wounded.
You shoot an arrow.
The arrow hits the orc warrior but does no damage.
The orc warrior is heavily wounded.
A troll comes into view.
You shoot an arrow. The troll shouts!
The arrow hits the orc warrior!
The orc warrior is almost dead.
You shoot an arrow.
The arrow barely misses the orc warrior.
The arrow hits the orc priest.
The orc priest is severely wounded.
The orc priest invokes the aid of Beogh against you.
Beogh smites you!
You shoot an arrow. The arrow hits the orc warrior.
You kill the orc warrior!
Okawaru accepts your kill. The orc priest closely misses you.
Your base Dodging skill increases to level 5!
You shoot an arrow.
The arrow closely misses the orc priest.
The orc priest calls upon Beogh to heal the orc priest.
The orc priest is healed somewhat.
The orc priest looks satisfied for a moment.
You shoot an arrow. The arrow hits the wyvern!
The wyvern is heavily wounded.
The wyvern closely misses you.
The orc priest hits you with a +0 morningstar.
You shoot an arrow. The arrow hits the wyvern.
The wyvern is heavily wounded.
The wyvern bites you! x2
5464 ||| READING 2 scrolls of teleportation.
As you read the scroll of teleportation, it crumbles to dust.
You feel strangely unstable. The orc priest misses you. The wyvern bites you.
You die...

##..## ### ##>.##
###..### ##..##
#....... ##.!##
##....# ##..##
##...#
##..###....##
##.........#####..
#
#................
###
##...###.@o......
..######...##
###lT.....
##.........#
o...)..
###.......#
.$..... ##......#
....... ##......#
..##... #)..#....#
### #..
##.####.... ..
##)## #...


You could see a troll, a wyvern and 2 orc priests.

Vanquished Creatures
  An unseen horror (D:6)
  Grinder (D:6)
  Sigmund (D:3)
  Eustachio (D:6)
  2 steam dragons (D:6)
  Edmund (D:6)
  A sky beast (D:6)
  An orc warrior (D:7)
  An ice beast (D:6)
  A phantom (D:4)
  A bullfrog (D:7)
  A gnoll sergeant (D:6)
  2 scorpions (D:6)
  A jelly (D:4)
  A gnoll bouda (D:7)
  2 orc priests
  A hound (D:7)
  Jessica (D:3)
  An iguana (D:4)
  A sleepcap (D:6)
  2 orc wizards
  Robin (D:2)
  11 gnolls
  A river rat (D:3)
  15 adders
  A shadow imp (D:7)
  3 white imps
  An ufetubus (D:7)
  2 worms (D:2)
  A dart slug (D:1)
  11 orcs
  9 endoplasms
  3 giant cockroaches
  13 goblins
  8 hobgoblins
  8 jackals
  A quokka (D:4)
  4 ball pythons
  7 bats
  5 frilled lizards
  6 kobolds
  9 rats
145 creatures vanquished.

Notes
Turn   | Place    | Note
-------+----------+-------------------------------------------
     0 | D:1      | qw the Deep Elf Hunter began the quest for the Orb.
     0 | D:1      | Reached XP level 1. HP: 12/12 MP: 3/3
     0 | D:1      | 0 ||| qw: Version: 0.3-a-9-g12657ce
     0 | D:1      | 0 ||| qw: Game counter: 4680
     0 | D:1      | 0 ||| qw: Always use a shield: true
     0 | D:1      | 0 ||| qw: God list: Okawaru
     0 | D:1      | 0 ||| qw: Allow faded altars: false
     0 | D:1      | 0 ||| qw: Do Orc after D:15 true
     0 | D:1      | 0 ||| qw: Do second Lair branch before Depths: true
     0 | D:1      | 0 ||| qw: Lair rune preference: random
     0 | D:1      | 0 ||| qw: Plans: Normal
     0 | D:1      | 0 ||| PLANNING D:1-11
    45 | D:1      | Reached XP level 2. HP: 16/16 MP: 4/4
    90 | D:1      | Reached skill level 6 in Ranged Weapons
   393 | D:1      | Reached XP level 3. HP: 20/20 MP: 5/5
   737 | D:1      | 737 ||| READING scroll labelled DEOLIDGHEMUR.
   738 | D:1      | 738 ||| READING 3 scrolls labelled TOWUINU SOEPLY.
   739 | D:1      | 739 ||| READING 2 scrolls of enchant weapon.
   739 | D:1      | 739 ||| ENCHANTING +1 shortbow.
   740 | D:1      | 740 ||| READING scroll of enchant weapon.
   740 | D:1      | 740 ||| ENCHANTING +2 shortbow.
   741 | D:1      | 741 ||| READING 2 scrolls labelled BODDOISEUT.
   746 | D:1      | 746 ||| DROPPING scroll of butterflies.
   789 | D:2      | Reached skill level 7 in Ranged Weapons
  1026 | D:2      | Reached XP level 4. HP: 25/25 MP: 6/6
  1139 | D:2      | Noticed Robin
  1153 | D:2      | Killed Robin
  1154 | D:2      | Reached skill level 8 in Ranged Weapons
  1642 | D:2      | 1642 ||| UPGRADING to +1 pair of gloves.
  1647 | D:2      | 1647 ||| UPGRADING to +0 helmet.
  1652 | D:2      | 1652 ||| UPGRADING to +0 ring mail.
  1662 | D:2      | 1662 ||| DROPPING +0 leather armour.
  1663 | D:2      | 1663 ||| READING scroll labelled VEYPNU BAIME.
  1664 | D:2      | 1664 ||| READING scroll labelled SUYROEM GOTAO.
  1665 | D:2      | 1665 ||| DRINKING 2 pink potions.
  1703 | D:2      | 1703 ||| DROPPING potion of lignification.
  1714 | D:3      | 1714 ||| PLANNING SEWER
  1843 | D:3      | 1843 ||| READING scroll of enchant weapon.
  1843 | D:3      | 1843 ||| ENCHANTING +3 shortbow.
  1844 | D:3      | Found a burning altar of Makhleb.
  2020 | D:3      | 2020 ||| FLEEEEING.
  2022 | D:3      | 2022 ||| FLEEEEING.
  2023 | D:3      | 2023 ||| FLEEEEING.
  2024 | D:3      | 2024 ||| FLEEEEING.
  2025 | D:3      | 2025 ||| FLEEEEING.
  2026 | D:3      | 2026 ||| FLEEEEING.
  2027 | D:3      | 2027 ||| FLEEEEING.
  2028 | D:3      | 2028 ||| FLEEEEING.
  2029 | D:3      | 2029 ||| FLEEEEING.
  2030 | D:3      | 2030 ||| FLEEEEING.
  2031 | D:3      | 2031 ||| FLEEEEING.
  2032 | D:3      | 2032 ||| FLEEEEING.
  2033 | D:3      | 2033 ||| FLEEEEING.
  2034 | D:3      | 2034 ||| FLEEEEING.
  2035 | D:3      | 2035 ||| FLEEEEING.
  2036 | D:3      | 2036 ||| FLEEEEING.
  2037 | D:3      | 2037 ||| FLEEEEING.
  2038 | D:3      | 2038 ||| FLEEEEING.
  2039 | D:3      | 2039 ||| FLEEEEING.
  2040 | D:3      | 2040 ||| FLEEEEING.
  2041 | D:3      | 2041 ||| FLEEEEING.
  2042 | D:3      | 2042 ||| FLEEEEING.
  2043 | D:3      | 2043 ||| FLEEEEING.
  2044 | D:3      | 2044 ||| FLEEEEING.
  2045 | D:3      | 2045 ||| FLEEEEING.
  2046 | D:3      | 2046 ||| FLEEEEING.
  2047 | D:3      | 2047 ||| FLEEEEING.
  2048 | D:3      | 2048 ||| FLEEEEING.
  2049 | D:3      | 2049 ||| FLEEEEING.
  2050 | D:3      | 2050 ||| FLEEEEING.
  2051 | D:3      | 2051 ||| FLEEEEING.
  2052 | D:3      | 2052 ||| FLEEEEING.
  2053 | D:3      | 2053 ||| FLEEEEING.
  2054 | D:3      | 2054 ||| FLEEEEING.
  2055 | D:3      | 2055 ||| FLEEEEING.
  2056 | D:3      | 2056 ||| FLEEEEING.
  2057 | D:3      | 2057 ||| FLEEEEING.
  2058 | D:3      | 2058 ||| FLEEEEING.
  2060 | D:3      | 2060 ||| FLEEEEING.
  2061 | D:3      | 2061 ||| FLEEEEING.
  2062 | D:3      | 2062 ||| FLEEEEING.
  2063 | D:3      | 2063 ||| FLEEEEING.
  2064 | D:3      | 2064 ||| FLEEEEING.
  2065 | D:3      | 2065 ||| FLEEEEING.
  2067 | D:3      | 2067 ||| FLEEEEING.
  2068 | D:3      | 2068 ||| FLEEEEING.
  2069 | D:3      | 2069 ||| FLEEEEING.
  2070 | D:3      | 2070 ||| FLEEEEING.
  2071 | D:3      | 2071 ||| FLEEEEING.
  2081 | D:3      | Reached XP level 5. HP: 25/29 MP: 7/7
  2210 | D:3      | Noticed Sigmund
  2217 | D:3      | Killed Sigmund
  2218 | D:3      | Reached skill level 10 in Ranged Weapons
  2218 | D:3      | Reached XP level 6. HP: 20/34 MP: 8/8
  2442 | D:3      | Noticed Jessica
  2445 | D:3      | Killed Jessica
  2467 | D:3      | 2467 ||| RIP SEWER
  2474 | D:3      | 2474 ||| PLANNING D:1-11
  2714 | D:3      | 2714 ||| UPGRADING to +0 cloak.
  2719 | D:3      | 2719 ||| DRINKING 2 bubbling inky potions.
  2720 | D:3      | 2720 ||| DRINKING 2 sedimented emerald potions.
  2721 | D:3      | 2721 ||| READING 3 scrolls of identify.
  2721 | D:3      | 2721 ||| IDENTIFYING fizzy black potion
  2722 | D:3      | 2722 ||| READING 2 scrolls of identify.
  2722 | D:3      | 2722 ||| IDENTIFYING fuming silvery potion
  2723 | D:3      | 2723 ||| DROPPING potion of degeneration.
  2767 | D:4      | Reached skill level 1 in Armour
  2905 | D:4      | Found a staircase to the Ecumenical Temple.
  2906 | D:4      | 2906 ||| PLANNING TEMPLE
  2906 | D:4      | 2906 ||| DRINKING 2 cyan potions.
  2915 | Temple   | Entered the Ecumenical Temple
  2916 | Temple   | 2916 ||| PLANNING OKAWARU WORSHIP
  3137 | Temple   | Became a worshipper of Warmaster Okawaru
  3138 | Temple   | 3138 ||| PLANNING D:1-11
  3168 | D:4      | 3168 ||| SWAPPING to +0 orcbow.
  3169 | D:4      | 3169 ||| DROPPING +4 shortbow.
  3268 | D:4      | Reached skill level 3 in Dodging
  3268 | D:4      | Reached XP level 7. HP: 40/40 MP: 9/9
  3690 | D:4      | 3690 ||| UPGRADING to ring of poison resistance.
  3691 | D:4      | 3691 ||| READING scroll labelled UNKOEK OHOENOKH.
  3736 | D:5      | Entered Level 5 of the Dungeon
  3750 | D:5      | 3750 ||| FLEEEEING.
  3752 | D:5      | 3752 ||| FLEEEEING.
  3761 | D:5      | 3761 ||| STAIRDANCE
  3846 | D:5      | Found a radiant altar of Vehumet.
  3996 | D:5      | Found a glowing silver altar of Zin.
  3999 | D:5      | Found a white marble altar of Elyvilon.
  4002 | D:5      | Found a shimmering altar of Xom.
  4113 | D:5      | 4113 ||| READING scroll of enchant weapon.
  4113 | D:5      | 4113 ||| ENCHANTING +0 orcbow.
  4220 | D:6      | Noticed Edmund
  4220 | D:6      | Noticed a steam dragon
  4225 | D:6      | 4225 ||| DRINKING potion of cancellation.
  4233 | D:6      | Killed a steam dragon
  4234 | D:6      | Reached skill level 11 in Ranged Weapons
  4237 | D:6      | Killed Edmund
  4319 | D:6      | Noticed a steam dragon
  4324 | D:6      | 4324 ||| Stepping ~*~*~tactically~*~*~ (cloud).
  4327 | D:6      | Killed a steam dragon
  4327 | D:6      | Reached * piety under Okawaru
  4328 | D:6      | Reached skill level 12 in Ranged Weapons
  4328 | D:6      | 4328 ||| Stepping ~*~*~tactically~*~*~ (cloud).
  4337 | D:6      | Reached XP level 8. HP: 37/44 MP: 10/10
  4588 | D:6      | 4588 ||| INVOKING Heroism.
  4591 | D:6      | Noticed Eustachio
  4601 | D:6      | 4601 ||| INVOKING Heroism.
  4609 | D:6      | Killed Eustachio
  4610 | D:6      | Reached skill level 3 in Fighting
  4612 | D:6      | HP: 7/46 [something (8)]
  4615 | D:6      | Killed an unseen horror
  4616 | D:6      | Reached skill level 3 in Invocations
  4783 | D:6      | Reached ** piety under Okawaru
  4879 | D:6      | Noticed Grinder
  4881 | D:6      | 4881 ||| INVOKING Heroism.
  4890 | D:6      | Killed Grinder
  4891 | D:6      | Reached skill level 13 in Ranged Weapons
  4891 | D:6      | Reached XP level 9. HP: 51/51 MP: 12/14
  4986 | D:6      | Found an ancient bone altar of Kikubaaqudgha.
  5128 | D:6      | 5128 ||| READING scroll labelled LUUZAE ASHREATSUY.
  5129 | D:6      | 5129 ||| READING scroll labelled PUSTEB NISAJAT.
  5130 | D:6      | 5130 ||| READING 3 scrolls of identify.
  5130 | D:6      | 5130 ||| IDENTIFYING glowing red potion
  5234 | D:7      | 5234 ||| INVOKING Heroism.
  5273 | D:7      | Reached skill level 14 in Ranged Weapons
  5450 | D:7      | 5450 ||| INVOKING Heroism.
  5457 | D:7      | Noticed a troll
  5463 | D:7      | HP: 2/51 [wyvern (15)]
  5464 | D:7      | 5464 ||| READING 2 scrolls of teleportation.
  5464 | D:7      | Slain by a wyvern

Levels and vault maps discovered:
D:1:      zelgadis_glass_arrival_small, layout_loops_ring,
          chequers_serial_rivers_large_b, dreamdust_wishing_well
D:2:      minmay_spotlight, layout_basic, serial_corexii_hall,
          corexii_hall_statues_u, corexii_hall_statues_x, uniq_robin
D:3:      layout_basic, bloody_makhleb, gup_sewer_entry_bowl, uniq_jessica,
          uniq_sigmund
D:4:      layout_loops_ring, minmay_temple_entry_tees
D:5:      layout_rooms, mainiacjoe_overflow_small_starburst,
          grunt_temple_overflow_diamond
D:6:      layout_basic, kiku_gazebo_pond_becter, uniq_edmund, uniq_eustachio,
          uniq_grinder
D:7:      layout_layer_cave
Temple:   dpeg_chambers_temple

Skill      XL: |  1  2  3  4  5  6  7  8  9 |
---------------+----------------------------+-----
Ranged Weapons | 6 7 8 10 12 13 14 | 14.0
Fighting       | 2 3 |  3.4
Armour         | 1 |  1.6
Dodging        | 3 4 5 |  5.4
Invocations    | 4 |  4.0
Stealth        | |  1.2

Action                     |  1- 3 |  4- 6 |  7- 9 || total
---------------------------+-------+-------+-------++-------
   Fire: Shortbow          |   104 |   105 |       ||   209
         Orcbow            |       |    13 |   223 ||   236
 Invoke: Heroism           |       |       |     5 ||     5
    Use: Scroll            |     5 |     5 |     6 ||    16
         Potion            |       |     4 |     1 ||     5
 Armour: Leather armour    |    12 |     8 |       ||    20
         Ring mail         |       |     7 |    19 ||    26
  Dodge: Dodged            |    28 |    26 |    43 ||    97

Table legend:
 A = Non-vault XP
 B = Vault XP
 C = Vault XP percentage of total XP
 D = Non-vault monster count
 E = Vault monster count
 F = Vault count percentage of total count
                 A         B        C        D         E       F
            +---------+---------+-------+---------+---------+-------
      Total |    2471 |     974 |  28.3 |     127 |      18 |  12.4
            +---------+---------+-------+---------+---------+-------
        D:1 |      57 |       0 |   0.0 |      34 |       0 |   0.0
        D:2 |      77 |      47 |  37.9 |      23 |      11 |  32.4
        D:3 |     120 |     278 |  69.8 |      15 |       4 |  21.1
        D:4 |     214 |       0 |   0.0 |       9 |       0 |   0.0
        D:5 |      86 |       0 |   0.0 |       8 |       0 |   0.0
        D:6 |    1543 |     649 |  29.6 |      27 |       3 |  10.0
        D:7 |     374 |       0 |   0.0 |      11 |       0 |   0.0
            +---------+---------+-------+---------+---------+-------
